Map: Disco Bloodbath LE

Players

Probe - Winner!

  • Race: Protoss Protoss
  • Spawn Location: 9:00

Hellraiser

  • Race: Protoss Protoss
  • Spawn Location: 3:00

VOD

Have the link to the VOD?

Description

Time

  • Played on: Sept. 6, 2019, 6:09 p.m.
  • Length: 10:00
Show
View Real Time Build Order
Export as new Build Order

Probe Protoss - Winner!

Build Orders:  

Get SALT Encoding   

  12  0:00  Probe  
  13  0:12  Probe  
  14  0:17  Pylon  
  14  0:23  Probe  
  15  0:31  Probe  
  15  0:38  Gateway  
  15  0:40  Probe  
  16  0:46  Assimilator  
  17  0:51  Probe  
  17  0:54  Assimilator  
  18  0:59  Probe  
  19  1:07  Gateway, Probe  
  19  1:17  Probe  
  20  1:25  Cybernetics Core  
  21  1:29  Probe  
  22  1:33  Pylon  
  22  1:41  Probe  
  23  1:53  Probe  
  24  2:01  Stalker x2  
  26  2:02  Warp Gate  
  26  2:05  Probe  
  29  2:09  Pylon  
  29  2:18  Probe  
  30  2:31  Stalker x2  
  30  2:36  Probe  
  35  2:47  Robotics Facility  
  35  2:52  Probe  
  35  3:02  Stalker  
  39  3:10  Pylon  
  39  3:11  Sentry  
  39  3:13  Shield Battery  
  39  3:24  Warp Prism  
  39  3:26  Shield Battery  
  39  3:31  Probe  
  42  3:52  Nexus  
  41  4:04  Adept x2  
  41  4:06  Observer  
  46  4:11  Probe  
  47  4:17  Pylon  
  47  4:28  Forge  
  47  4:35  Probe  
  47  4:36  Adept x2  
  52  4:47  Probe  
  53  4:59  Probe  
  54  5:05  Probe  
  53  5:11  Probe  
  53  5:13  Shield Battery  
  54  5:15  Stalker x2  
  54  5:17  Probe  
  57  5:23  Shield Battery, Probe  
  57  5:28  Probe  
  54  5:31  Protoss Ground Weapons Level 1  
  54  5:32  Probe  
  55  5:36  Probe  
  55  5:40  Probe  
  56  5:44  Probe  
  58  5:50  Probe  
  58  5:52  Twilight Council  
  58  5:55  Probe  
  60  6:02  Probe  
  61  6:07  Probe  
  62  6:14  Probe  
  62  6:15  Immortal  
  61  6:18  Charge  
  61  6:19  Assimilator x2  
  61  6:20  Probe  
  61  6:21  Adept x2  
  61  6:24  Pylon  
  68  6:26  Probe  
  68  6:28  Shield Battery  
  69  6:33  Templar Archives  
  69  6:41  Gateway  
  69  6:59  Probe  
  68  7:05  Probe  
  68  7:06  Protoss Ground Weapons Level 2  
  69  7:11  Probe  
  69  7:14  Gateway  
  70  7:17  Probe  
  70  7:18  Gateway x2  
  70  7:19  Gateway  
  71  7:23  Probe  
  71  7:26  Zealot x2  
  71  7:28  Pylon  
  76  7:34  Gateway  
  76  7:35  Pylon  
  74  7:52  High Templar x2  
  74  7:53  High Templar  
  78  8:05  Nexus  
  78  8:12  High Templar  
  78  8:13  High Templar x2  
  78  8:15  High Templar  
  86  8:20  Photon Cannon, Pylon  
  86  8:21  Pylon, Phoenix  
  86  8:22  Observer, Archon x2  
  86  8:30  Archon  
  86  8:36  Pylon  
  86  8:39  Photon Cannon  
  86  8:40  Zealot x3, High Templar  
  94  8:45  Archon  
  94  8:58  High Templar x2  
  94  8:59  Zealot x2  
  102  9:04  Archon  
  102  9:06  Pylon  
  102  9:07  Zealot  
  102  9:08  Zealot x2  
  108  9:24  Zealot, High Templar x2  
  110  9:28  Zealot, Archon  
  110  9:29  Zealot x2  
  110  9:31  Zealot  
  122  9:51  Zealot  
  122  9:52  Zealot x5  
Show
View Real Time Build Order
Export as new Build Order

Hellraiser Protoss 

Build Orders: Oracle Opening 

Get SALT Encoding   

  12  0:01  Probe  
  13  0:13  Probe  
  14  0:17  Pylon  
  14  0:24  Probe  
  15  0:32  Probe  
  15  0:38  Gateway  
  15  0:40  Probe  
  16  0:46  Assimilator  
  17  0:51  Probe  
  17  0:54  Assimilator  
  18  0:59  Probe  
  19  1:07  Gateway, Probe  
  20  1:21  Pylon  
  20  1:26  Cybernetics Core  
  20  1:30  Probe  
  21  1:42  Probe  
  22  1:54  Probe  
  23  2:02  Adept  
  23  2:03  Warp Gate, Adept  
  23  2:06  Probe  
  28  2:09  Pylon  
  28  2:18  Probe  
  29  2:25  Stargate  
  29  2:32  Adept x2  
  32  2:56  Nexus  
  32  2:59  Oracle  
  32  3:01  Pylon  
  35  3:14  Probe  
  36  3:21  Stalker  
  39  3:27  Probe  
  39  3:35  Oracle  
  39  3:36  Shield Battery  
  42  3:46  Probe  
  43  3:55  Robotics Facility  
  43  3:59  Probe  
  44  4:10  Probe  
  44  4:11  Stalker  
  44  4:15  Probe  
  47  4:18  Probe  
  47  4:23  Probe  
  49  4:26  Probe  
  51  4:33  Probe  
  51  4:35  Forge  
  51  4:37  Probe  
  52  4:40  Sentry  
  52  4:42  Observer  
  52  4:44  Assimilator  
  57  4:46  Pylon  
  57  4:49  Probe  
  56  4:53  Phoenix  
  56  5:03  Zealot x2  
  56  5:05  Probe  
  54  5:08  Probe  
  55  5:17  Probe  
  55  5:20  Probe  
  54  5:29  Probe  
  54  5:30  Probe  
  54  5:35  Warp Prism  
  50  5:38  Probe  
  50  5:40  Protoss Ground Weapons Level 1  
  50  5:41  Probe  
  50  5:47  Probe  
  52  5:54  Probe  
  54  5:59  Probe  
  54  6:06  Probe  
  54  6:11  Probe  
  54  6:16  Immortal  
  54  6:18  Probe  
  53  6:23  Probe, Adept x2  
  58  6:30  Probe  
  63  6:35  Probe  
  64  6:42  Pylon, Probe  
  65  6:47  Probe  
  65  6:48  Assimilator  
  66  6:54  Probe  
  66  6:59  Probe  
  66  7:00  Immortal  
  72  7:06  Probe  
  73  7:09  Gateway, Twilight Council  
  73  7:10  Gateway  
  73  7:11  Probe  
  74  7:22  Protoss Ground Weapons Level 2  
  74  7:24  Stalker x2  
  74  7:29  Pylon  
  78  7:31  Gateway  
  78  7:32  Gateway  
  78  7:42  Charge  
  78  7:45  Probe  
  78  7:47  Probe  
  78  7:57  Probe  
  79  7:59  Probe  
  80  8:06  Pylon  
  80  8:10  Zealot x2  
  85  8:13  Templar Archives  
  85  8:17  Gateway  
  85  8:19  Gateway, Pylon  
  84  8:23  Pylon  
  84  8:33  Nexus  
  84  8:42  Zealot x2  
  88  8:50  Warp Prism  
  82  8:56  High Templar  
  82  8:57  High Templar x2  
  82  8:58  High Templar  
  82  9:01  Archon  
  82  9:02  Archon  
  92  9:04  Zealot x2  
  96  9:15  Zealot x2  
  100  9:23  Probe x2  
  102  9:24  Pylon  
  102  9:25  High Templar x2  
  102  9:30  Archon, Zealot x2  
  110  9:37  Pylon  
  110  9:48  Zealot x4  
  102  9:53  Zealot  
  102  9:56  Zealot  
Tags
 
Add a new tag
Caveats
  • Supply blocks, unpowered buildings, or Contaminate may cause inaccurate times.
  • Supply counts are checked every 10 seconds.